 Dungeon Crawl Stone Soup version 0.29.1-2-gbd0b4ee654 (webtiles) character file.

Game seed: 13842201885125171600

43 MisterFreud the Ducker (level 3, 0/17 HPs)
             Began as a Felid Berserker on Nov 7, 2022.
             Was a Believer of Trog.
             Succumbed to an adder's poison
             ... on level 2 of the Dungeon.
             The game lasted 00:01:12 (1867 turns).

MisterFreud the Ducker (Felid Berserker)            Turns: 1867, Time: 00:01:13

Health: 0/17       AC:  1    Str: 13    XL:     3   Next: 37%
Magic:  4/4        EV: 18    Int:  8    God:    Trog [**....]
Gold:   34         SH:  0    Dex: 17    Spells: 2/2 levels left
                                        Lives:  0   Deaths: 0

rFire   . . .      SeeInvis +     - Unarmed
rCold   . . .      Faith    .   (shield unavailable)
rNeg    . . .      Spirit   .   (body armour unavailable)
rPois   .          Reflect  .   (helmet unavailable)
rElec   .          Harm     .   (cloak unavailable)
rCorr   .          Rampage  .   (gloves unavailable)
Will    ++...                   (boots unavailable)
Stlth   ++........              (no amulet)
HPRegen 1.05/turn               (no ring)
MPRegen 0.09/turn               (no ring)

@: lethally poisoned (0 -> -6), strong-willed, regenerating, quick
A: very small, claws 1, fangs 3, see invisible, speed 1, shaggy fur 1, stealthy
paws, no weapons or thrown items, no armour, multi-lived
a: Renounce Religion, Berserk, Trog's Hand


You were on level 2 of the Dungeon.
You worshipped Trog.
Trog was pleased with you.
You visited 1 branch of the dungeon, and saw 2 of its levels.

You collected 34 gold pieces.

Inventory:

Potions
 b - a potion of curing
 d - a potion of flight {unknown}


   Skills:
 - Level 3.0 Fighting
 - Level 4.0 Dodging
 + Level 3.1 Stealth
 + Level 3.8 Unarmed Combat


You had 2 spell levels left.
You didn't know any spells.
Your spell library was empty.

Dungeon Overview and Level Annotations

Branches:
Dungeon (2/15)

Altars:
Fedhas


Innate Abilities, Weirdness & Mutations

You have sharp claws.
You have razor-sharp teeth.
You have supernaturally acute eyesight. (SInv)
You cover ground quickly. (Speed+)
You are covered in fur. (AC +1)
Your paws help you pounce on unaware monsters.
You are incapable of wielding weapons or throwing items.
You cannot wear armour.
You gain extra lives every three experience levels.


Message History

A giant cockroach is nearby!
You scratch the giant cockroach.
You kill the giant cockroach!
Trog accepts your kill.
No target in view!
Found a blossoming altar of Fedhas.
No target in view!
A kobold comes into view. It is wielding a +1 dagger of freezing.
A kobold is nearby!
The kobold shouts!
You hear an angry hiss.
An adder comes into view.
You closely miss the kobold.
There are monsters nearby!
You scratch the kobold.
You kill the kobold!
Trog accepts your kill.
An adder is nearby!
Found a scroll of identify.
Things that are here:
a +1 dagger of freezing; a kobold corpse An adder is nearby!
The adder bites you.
You are poisoned.
The adder poisons you!
You closely miss the adder.
You feel sick. The adder closely misses you.
You miss the adder. Your claw misses the adder.
You feel sick. The adder bites you.
You are too injured to fight recklessly!
Your skin crawls.
You feel strong-willed.
You feel sick. The adder bites you.
You are more poisoned.
The adder poisons you!
You barely miss the adder.
You feel sick. The adder barely misses you. The adder bites you.
* * * LOW HITPOINT WARNING * * *
You are more poisoned.
The adder poisons you!
You barely miss the adder. You claw the adder, but do no damage.
You die...

#.#..<..#..#.# #
#.....#..#?.
#.....#..###
#.....#..... #########
....#.#.####
........#+###.###.#.....
............#.# #.#####.
............#.###.#####.
......S@)...............
............#.....#####.
............#.._...# #.
............#......# #.
............#......# #.
.?......#+#.#.###..# #.
######### #.#.# ##.# #.
#.#.# .# #. .# ##


You could see an adder.

Vanquished Creatures
  A dart slug (D:1)
  4 ball pythons (D:1)
  A bat (D:2)
  2 endoplasms (D:1)
  3 giant cockroaches
  5 goblins (D:1)
  4 hobgoblins
  6 quokkas (D:1)
  2 frilled lizards
  5 kobolds
  2 rats (D:1)
35 creatures vanquished.

Notes
Turn   | Place    | Note
-------+----------+-------------------------------------------
     0 | D:1      | MisterFreud the Felid Berserker began the quest for the
                  | Orb.
     0 | D:1      | Reached XP level 1. HP: 10/10 MP: 2/2
   104 | D:1      | Reached skill level 1 in Stealth
   170 | D:1      | Reached XP level 2. HP: 14/14 MP: 3/3
   849 | D:1      | Found a faded altar of an unknown god.
   959 | D:1      | Reached XP level 3. HP: 17/17 MP: 4/4
  1028 | D:1      | Reached ** piety under Trog
  1846 | D:2      | Found a blossoming altar of Fedhas.
  1867 | D:2      | Succumbed to an adder's poison

Illustrated notes

Levels and vault maps discovered:
D:1:      wheals_arrival_linesprint, layout_loops_ring,
          ebering_ecumenical_altar_mist, minmay_misc_feat_ornament,
          chequers_arboretum
D:2:      layout_basic, basic_altar, uniq_sigmund, uniq_jessica

Skill      XL: |  1  2  3 |
---------------+----------+-----
Stealth        | 1 2 3 |  3.1
Fighting       | |  3.0
Dodging        | |  4.0
Unarmed Combat | |  3.8

Action                   || total
-------------------------++-------
Melee: Unarmed           ||    86
       Bite              ||     7
       Punch             ||     1
Invok: Trog's Hand       ||     1
  Use: Scroll            ||     2
 Stab: Sleeping          ||     8
Dodge: Dodged            ||    54
